Unix NetHack Version 3.7.0-89 Work-in-progress - last build Sep 7 2023 15:16:41 (8494bff02b67719303c47e298deaa89034127798,branch:master). Game began 2023-09-09 16:48:04, ended 2023-09-09 18:59:09. spontiff, neutral male gnomish Healer ----------------------------------- ---- .............................*.......-- ...-------.-..-.-----#------------#-----------..|---- -.of...).......0.0..........0 . ... |*-|...----- --@-------...---..----.---.-- . ----- |.||.....|.-- --- -----...|..(...(|.|... . |.---.......|------ ----|.--..|.|....|..-.|.._. . |..)|......--.....| |..--...).|.|....|..|)|*... . |.|...........--..| |..)*...).|.--.----.-.|.... . |.|--....-.----|.-- --........|0..........--...- . |.|-..--...| |.| --....*..|..0......{0 .....0{0 |.|.*-----.| |.-- |.......|.......................- |......| |.| |..| ---......0|0--.---|---.- .....- -- | |....[.---.-- |..| |.........#.|...| .0 |0.....| |.|.......|...| |..| |.........|.|...| . +.0.... |.#..........<| |.-- --........| |...|../ ...... |.|...........| |.| --.---...| --------- ..... - |.|[........----.| --- ---.| ..0 |*|-..|......||..| |.-------------- --#----------------.|---|..|...||..--- |...[..........0 0...................| ---|..----...| ---------------- --------------------- ---- ----- Spontiff the Rhizotomist St:9 Dx:9 Co:15 In:10 Wi:17 Ch:16 Neutral S:300 Dlvl:7 $:37 HP:0(22) Pw:4(5) AC:-2 Xp:1/0 T:5650 Latest messages: The kobold wields a crude dagger! You hear some noises. Othagor of Banearukai throws a crude dagger! The crude dagger hits the kobold. You hear some noises in the distance. Rukugor of Banearukai thrusts her crude dagger. Rukugor of Banearukai hits! Aibanea of Banearukai wields a crude bow! Rukugor of Banearukai thrusts her crude dagger. Rukugor of Banearukai hits! Rukugor of Banearukai thrusts her crude dagger. Rukugor of Banearukai misses! Uothu of Banearukai shoots 2 poisoned crude arrows! The 1st poisoned crude arrow misses you. The 2nd poisoned crude arrow misses you. D - 2 poisoned crude arrows. What do you want to use or apply? [fkostxzACJKS or ?*] o You produce a strange whistling sound. Your large cat appears. Uothu of Banearukai shoots 2 poisoned crude arrows! It is missed. The 1st poisoned crude arrow misses you. The large cat is hit. You swap places with your large cat. The large cat misses Othagor of Banearukai. You hear some noises. Rukugor of Banearukai throws a crude dagger! It is missed. The large cat is hit. There is nothing here to pick up. The kobold throws a crude dagger! The crude dagger hits Rukugor of Banearukai. Rukugor of Banearukai picks up a crude dagger. Uothu of Banearukai swings her crude bow. Uothu of Banearukai hits! The large cat bites Uothu of Banearukai. Uothu of Banearukai swings her crude bow at the large cat. Uothu of Banearukai misses the large cat. The large cat bites Uothu of Banearukai. Uothu of Banearukai swings her crude bow at the large cat. Uothu of Banearukai misses the large cat. What do you want to use or apply? [fkostxzACJKS or ?*] s In what direction? l Status of Uothu of Banearukai (chaotic, medium): Level 3 HP 5(16) AC 7. The large cat misses Uothu of Banearukai. Uothu of Banearukai swings her crude bow. Uothu of Banearukai hits! You die... Do you want your possessions identified? [ynq] (y) y Do you want to see the dungeon overview? [ynq] (y) y Inventory: Coins $ - 37 gold pieces Weapons D - 2 cursed poisoned -1 orcish arrows Armor h - an uncursed +1 orcish helm (being worn) g - an uncursed +1 pair of leather gloves (being worn) v - an uncursed greased +0 pair of iron shoes (being worn) r - an uncursed +0 shield of reflection (being worn) q - an uncursed +1 dwarvish cloak (being worn) d - an uncursed +0 studded leather armor (being worn) Comestibles y - an uncursed apple Potions c - a blessed potion of healing Wands z - an uncursed wand of magic missile (0:0) J - an uncursed wand of opening (0:7) K - an uncursed wand of probing (0:6) S - an uncursed wand of sleep (0:3) A - an uncursed wand of striking (0:0) C - an uncursed wand of striking (0:0) Tools f - an uncursed oilskin sack containing 21 items k - an uncursed lock pick o - an uncursed magic whistle x - an uncursed oil lamp s - an uncursed stethoscope t - an uncursed towel Contents of the oilskin sack: an uncursed +0 dart an uncursed scroll of amnesia a blessed scroll of destroy armor an uncursed scroll of enchant armor an uncursed scroll of enchant weapon 2 uncursed scrolls of fire an uncursed scroll of gold detection an uncursed spellbook of force bolt an uncursed potion of fruit juice a blessed potion of see invisible an uncursed potion of sleeping a potion of holy water named !c an uncursed ring of slow digestion an uncursed wand of magic missile (0:7) an uncursed agate stone 2 uncursed fluorite stones an uncursed jet stone 2 uncursed worthless pieces of black glass 2 uncursed worthless pieces of green glass a cursed worthless piece of white glass an uncursed worthless piece of yellow glass Spontiff the Healer's attributes: Background: You were a Rhizotomist, a level 1 male gnomish Healer. You were neutral, on a mission for Hermes who was opposed by Athena (lawful) and Poseidon (chaotic). You were in the Gnomish Mines, on level 7. You entered the dungeon 5650 turns ago. You had 0 experience points, 20 were needed to attain level 2. Your score was 300 before end-of-game adjustments. Basics: You had 0 out of 22 hit points. You had 4 out of 5 energy points (spell power). Your armor class was -2. Your wallet contained 37 zorkmids. Autopickup was on for '$!/="?' plus thrown, with exceptions. Final Characteristics: Your strength was 9 (limit:18/50). Your dexterity was 9 (limit:18). Your constitution was 15 (limit:18). Your intelligence was 10 (limit:19). Your wisdom was 17 (limit:18). Your charisma was 16 (limit:18). Final Status: You were not hungry. You were unencumbered. You were empty handed. You were unskilled in bare handed combat. Final Attributes: You were piously aligned. You were poison resistant. You had infravision. You were warded. You had reflection. You are dead. Miscellaneous: You never encountered a bones level. Total elapsed playing time was 1 hour, 36 minutes and 3 seconds. Major events: Turn 1: spontiff the neutral male gnomish Healer entered the dungeon 1562: entered the Gnomish Mines 2808: reached Mine Town 5650: killed by an Uruk-hai called Uothu of Banearukai Vanquished creatures: 4 orc-captains 4 Uruk-hai 4 orc shamans a rock mole a shrieker a gnomish wizard 7 dwarves 2 kobold leaders 10 hill orcs a rothe a rabid rat 2 orc zombies a dwarf zombie an iguana 3 acid blobs 2 coyotes 2 gas spores 3 hobbits 2 manes a large kobold a hobgoblin 7 giant rats 3 cave spiders a brown mold 6 yellow molds 4 green molds a red mold 8 gnomes 2 gnome zombies 7 geckos 7 jackals 5 foxes 2 kobolds 5 goblins a sewer rat 11 grid bugs 11 lichens a kobold zombie 17 newts 153 creatures vanquished. No species were genocided or became extinct. Voluntary challenges: You never hit with a wielded weapon. You were a pacifist. You were illiterate. You never engraved Elbereth. You never genocided any monsters. You never polymorphed an object. You never changed form. You used no wishes. Achievements: You entered the Gnomish Mines. You entered Minetown. The Dungeons of Doom: levels 1 to 4 Level 1: "vault" A sink. Level 2: "vault" Level 3: "Mines is orctown" A fountain. Stairs down to The Gnomish Mines. Level 4: "Stashlet" A fountain. The Gnomish Mines: levels 4 to 7 Level 4: "magic trap" Level 5: Level 6: Level 7: <- You were here. An altar, some fountains. Final resting place for you, killed by an Uruk-hai called Uothu of Banearukai. Game over: ---------- / \ / REST \ / IN \ / PEACE \ / \ | spontiff | | 37 Au | | killed by an | | Uruk-hai called | | Uothu of | | Banearukai | | 2023 | *| * * * | * _________)/\\_//(\/(/\)/\//\/|_)_______ Goodbye spontiff the Healer... You died in The Gnomish Mines on dungeon level 7 with 300 points, and 37 pieces of gold, after 5650 moves. You were level 1 with a maximum of 22 hit points when you died.